 Dungeon Crawl Stone Soup version 0.31-a0-667-g39726597b9 (webtiles) character file.

Game seed: 13309270725835496818

33 GordonOverkill the Sneak (level 3, -3/34 HPs)
             Began as a Tengu Delver on Sept 4, 2023.
             Slain by a hobgoblin (5 damage)
             ... on level 5 of the Dungeon.
             The game lasted 00:01:40 (124 turns).

GordonOverkill the Sneak (Tengu Delver)              Turns: 124, Time: 00:01:41

Health: -3/34      AC: 21    Str: 12    XL:     3   Next: 29%
Magic:  4/4        EV:  2    Int: 12    God:
Gold:   0          SH:  0    Dex: 15    Spells: 2/2 levels left

rFire   . . .        a - +0 spear
rCold   . . .        (no shield)
rNeg    . . .        b - melded +0 leather armour
rPois   +            (helmet currently unavailable)
rElec   .            (cloak currently unavailable)
rCorr   .            (gloves currently unavailable)
SInv    .            (boots unavailable)
Will    .....        (no amulet)
Stlth   +++          (no ring)
HPRegen 0.25/turn    (no ring)
MPRegen 0.09/turn

%: acrobat
@: tree-form (expiring)
A: stationary, stasis, torment immunity, boosted hp, (beak), (talons 3),
acrobatic
a: no special abilities


You were on level 5 of the Dungeon.
You were a tree.
You visited 1 branch of the dungeon, and saw 2 of its levels.

Inventory:

Hand Weapons
 a - a +0 spear (weapon)
Armour
 b - a +0 leather armour (melded)
Wands
 g - a wand of digging (3)
Scrolls
 c - a scroll of fog
 d - a scroll of revelation


   Skills:
 + Level 3.0 Fighting
 - Level 4.0 Polearms
 - Level 2.1 Dodging
 - Level 5.0 Stealth


You had 2 spell levels left.
You didn't know any spells.
Your spell library was empty.

Dungeon Overview and Level Annotations

Branches:
Dungeon (6/15)
 Temple: D:4-7

Altars:
Kikubaaqudgha

Portals:
Sewer: D:6

Annotations:
D:5 Ijyb, Robin


Innate Abilities, Weirdness & Mutations

You are a tree.
Your roots penetrate the ground, keeping you stationary.
You cannot be teleported.
You are immune to unholy pain and torment.
Your maximum health is greatly increased.
Your equipment is partially melded.
((You have a beak for a mouth.))
((You have claws for feet.))
You can magically evade attacks while moving or waiting.


Message History

Ijyb hits you with a +0 spectral club.
* * * LOW HITPOINT WARNING * * *
The +0 spectral club hits you but does no damage.
You hit Ijyb.
Ijyb is severely wounded.
The goblin hits you but does no damage. Ijyb hits you but does no damage.
The +0 spectral club hits you but does no damage.
The hobgoblin hits you but does no damage.
You closely miss Ijyb.
Ijyb is severely wounded.
The goblin hits you but does no damage.
The hobgoblin hits you but does no damage.
Ijyb hits you but does no damage.
The +0 spectral club hits you but does no damage.
You hit Ijyb but do no damage.
Ijyb is severely wounded.
Your transformation is almost over.
The goblin hits you but does no damage.
You hit Ijyb.
Ijyb is almost dead.
The hobgoblin hits you.
* * * LOW HITPOINT WARNING * * *
Ijyb hits you but does no damage.
The hobgoblin hits you but does no damage.
The goblin hits you but does no damage.
You closely miss Ijyb.
Ijyb is almost dead.
The hobgoblin hits you but does no damage.
Ijyb hits you but does no damage. The hobgoblin hits you.
* * * LOW HITPOINT WARNING * * *
Robin roars a battlecry!
The goblins go into a battle-frenzy!
The goblin hits you but does no damage.
You closely miss Ijyb.
Ijyb is almost dead.
The hobgoblin hits you but does no damage.
Ijyb hits you with a +0 spectral club.
* * * LOW HITPOINT WARNING * * *
The hobgoblin hits you.
You die...

#......#.....#...
#........._.....
#......#.....#..
#......#§$..☼#.#+###
#......###.###.g...#
#......##....#.....#
#.............sg...#
#...gS.......Oggg..#
###'#####....##♣g..#
#......##....##....#
#..g........?##....#
#..g.........##....#
#.............#......
#.............#.......
#.........s..
#..(..... ###........
######### ##.......


You could see an ogre, Ijyb (strong), a scorpion, Robin, 3 hobgoblins and a
goblin (strong).

Vanquished Creatures
  A sleepcap (D:6)
  5 giant cockroaches (D:6)
  A quokka (D:6)
7 creatures vanquished.

Notes
Turn   | Place    | Note
-------+----------+-------------------------------------------
     0 | D:5      | GordonOverkill the Tengu Delver began the quest for the
                  | Orb.
     0 | D:5      | Reached XP level 1. HP: 14/14 MP: 2/2
     1 | D:6      | Noticed a wight
     1 | D:6      | Noticed a wight
     1 | D:6      | Noticed a wight
     1 | D:6      | Noticed a wight
    18 | D:6      | Found a glowing drain.
    24 | D:6      | Reached XP level 2. HP: 19/19 MP: 3/3
    70 | D:6      | Reached XP level 3. HP: 7/23 MP: 4/4
    78 | D:5      | Noticed Robin
    78 | D:5      | Noticed Ijyb
    81 | D:5      | Noticed an ogre
    82 | D:5      | Noticed a scorpion
    88 | D:5      | Found an ancient bone altar of Kikubaaqudgha.
   124 | D:5      | Slain by a hobgoblin

Illustrated notes

Levels and vault maps discovered:
D:5:      layout_gridville, mainiacjoe_overflow_brackets,
          nicolae_kikubaaqudgha_miasma_corner, grunt_temple_overflow_open,
          minmay_temple_entry_ruins, nicolae_goblin_pals
D:6:      layout_rooms, gammafunk_temple_overflow_elements, gup_sewer_entry_pipe

Skill      XL: |  1  2 |
---------------+-------+-----
Polearms       | 4 |  4.0
Fighting       | |  3.0
Dodging        | |  2.1
Stealth        | |  5.0

Action                     || total
---------------------------++-------
  Melee: Spear             ||    58
         Kick              ||     7
         Peck              ||     6
         Punch             ||     2
    Use: Potion            ||     1
         Scroll            ||     1
   Stab: Sleeping          ||     2
 Armour: Leather armour    ||     9
         Skin              ||    48
  Dodge: Dodged            ||    29

Table legend: (Time is in decaauts)
 A = Elapsed time spent in this place.
 B = Non-inter-level travel time spent in this place.
 C = Inter-level travel time spent in this place.
 D = Time resting spent in this place.
 E = Time spent auto-exploring this place.
 F = Levels seen in this place.
 G = Mean time per level.
                   A        B        C        D        E       F      G
               +--------+--------+--------+--------+--------+-----+--------+
         Total |    109 |    109 |      0 |      0 |      0 |   2 |   54.5 |
       Dungeon |    109 |    109 |      0 |      0 |      0 |   2 |   54.5 |
               +--------+--------+--------+--------+--------+-----+--------+

Top non-repeatable levels by time:
     D:6: 75 daAuts
     D:5: 33 daAuts
